 Dungeon Crawl Stone Soup version 0.25.1-2-g60ff931df9 (webtiles) character file.

Game seed: 4254304850573796732

173 growler the Gusty (level 5, -2/28 HPs)
             Began as a Tengu Air Elementalist on Nov 23, 2020.
             Killed from afar by an orc wizard (8 damage)
             ... with a magic dart
             ... on level 2 of the Dungeon.
             The game lasted 00:08:32 (3367 turns).

growler the Gusty (Tengu Air Elementalist)          Turns: 3367, Time: 00:08:33

Health: -2/28      AC:  2    Str:  8    XL:     5   Next: 53%
Magic:  2/11       EV: 15    Int: 16    God:
Gold:   100        SH:  0    Dex: 15    Spells: 0/10 levels left

rFire    . . .     SeeInvis .   f - +0 dagger
rCold    . . .     Gourm    .   (no shield)
rNeg     . . .     Faith    .   a - +0 robe
rPois    .         Spirit   .   (helmet restricted)
rElec    .         Reflect  .   (no cloak)
rCorr    .         Harm     .   (no gloves)
MR       .....                  (boots unavailable)
Stlth    ++........             (no amulet)
HPRegen  0.09/turn              c - +4 ring of slaying
MPRegen  0.12/turn              (no ring)

@: flying quickly and evasively, quick
A: beak, talons 3, able to fly
a: Stop Flying


You were on level 2 of the Dungeon.
You were hungry.

You visited 1 branch of the dungeon, and saw 3 of its levels.

You collected 100 gold pieces.

Inventory:

Hand Weapons
 f - a +0 dagger (weapon)
   (You took it off a goblin on level 1 of the Dungeon)
Armour
 a - a +0 robe (worn)
Jewellery
 c - a +4 ring of slaying (left hand)
   (You found it on level 1 of the Dungeon)
 i - a cursed ring of protection from fire
   (You took it off a kobold on level 1 of the Dungeon)
Wands
 x - a wand of acid (5)
   (You found it on level 2 of the Dungeon)
Scrolls
 d - a scroll of identify {unknown}
 k - a scroll of amnesia {unknown}
 l - a scroll of blinking {unknown}
Potions
 g - a potion of lignification {unknown}
 h - a potion of curing {@q1}
 j - a potion of degeneration {unknown}
Comestibles
 b - a chunk of flesh
 e - 3 rations {!d}


   Skills:
 - Level 2.1 Dodging
 - Level 2.0 Stealth
 + Level 3.3 Spellcasting
 + Level 4.0 Conjurations
 + Level 5.7 Air Magic


You couldn't memorise any spells.
You knew the following spells:

 Your Spells              Type           Power        Failure   Level  Hunger
a - Shock                 Conj/Air       ###.         2%          1    None
b - Airstrike             Air            ###.......   17%         4    ####...
d - Static Discharge      Conj/Air       ###.....     8%          3    ###....
s - Swiftness             Chrm/Air       ##......     9%          2    ##.....

Your spell library contained the following spells:

 Spells                   Type           Power        Failure   Level  Hunger
 Lightning Bolt           Conj/Air       ###.......   56%         5    ######.


Dungeon Overview and Level Annotations

Branches:
Dungeon (3/15)

Altars:
Elyvilon
Gozag
Zin
The Shining One


Innate Abilities, Weirdness & Mutations

You have a beak for a mouth.
You have claws for feet.
You can fly continuously.


Message History

You start memorising the spell.
You continue memorising. x4
You finish memorising.
Spell assigned to 'b'.
There is a stone staircase leading up here.
Okay, then.
No target in view!
Unknown command.
Unknown command.
There is a stone staircase leading down here.
You fly downwards.
An adder, a hobgoblin and 5 orcs come into view.
An orc is wielding a +0 mace and wearing a +1 ring mail of magic resistance.
The orc shouts!
The orc priest shouts!
The adder hisses angrily.
The hobgoblin shouts!
The orc priest shouts!
You hear a shout!
The orc wizard shouts!
You hear a shout!
Found an escape hatch in the floor.
There is a stone staircase leading up here.
The orc priest barely misses you. The hobgoblin hits you with a +0 club.
You fly upwards.
There is a stone staircase leading down here.
The spell is quite dangerous to cast (8% risk of failure)!
Continue anyway?
The orc wizard is struck by an arc of lightning.
The orc priest is struck by an arc of lightning.
The lightning grounds out.
The hobgoblin is struck by an arc of lightning.
You are struck by an arc of lightning.
The lightning grounds out.
You are feeling hungry.
The orc priest barely misses you.
The orc wizard hits you with a cursed +0 dagger.
The spell is quite dangerous to cast (8% risk of failure)!
Continue anyway?
The orc wizard is struck by an arc of lightning!
You are struck by an arc of lightning.
The lightning grounds out.
The hobgoblin misses you. The orc priest barely misses you.
The orc wizard hits you with a cursed +0 dagger.
* * * LOW HITPOINT WARNING * * *
You don't know that spell.
Unknown command.
The spell is quite dangerous to cast (8% risk of failure)!
Continue anyway?
The hobgoblin is struck by an arc of lightning!
You kill the hobgoblin!
You are struck by an arc of lightning.
* * * LOW HITPOINT WARNING * * *
The lightning grounds out.
The orc priest closely misses you.
The orc wizard gestures at you while chanting.
The puff of flame hits you!
* * * LOW HITPOINT WARNING * * *
It was a potion of curing.
You feel better. The orc priest hits you.
* * * LOW HITPOINT WARNING * * *
The orc wizard casts a spell at you. The magic dart hits you!
You die...

#.#.#......##........# #.......
#.#.#.####.##........# #.......
#.#.#.# #.##........# #.......
#.#.#.# #.##......#.# #.......
#.#.#.# #.###..)..#,* #.......
#.#.#.# #.# #...###,* #.......
##.#.#.####.# ##..###.####.......
...#.#......####o)....#.(........
####.########..o@######..........
............#.#########.....##'##
####.######.#.........'......#.##
.....# #.#..########......#..(
###### #.#..###****#......####
#.#..#..,,,,#......#
#.#..#.####.#......#
#.#..#.#..#.#......#
#.#..#....#.#.######


You could see an orc priest and an orc wizard.

Vanquished Creatures
  Natasha (thrice) (D:2)
  3 adders (D:2)
  An ooze (D:1)
  2 worms (D:2)
  3 dart slugs (D:1)
  4 leopard geckos
  4 bats
  3 giant cockroaches
  5 goblins
  3 hobgoblins
  4 jackals (D:1)
  A quokka (D:2)
  4 frilled lizards
  8 kobolds
  8 rats
56 creatures vanquished.

Notes
Turn   | Place    | Note
-------+----------+-------------------------------------------
     0 | D:1      | growler the Tengu Air Elementalist began the quest for the
                  | Orb.
     0 | D:1      | Reached XP level 1. HP: 10/10 MP: 4/4
    84 | D:1      | Reached XP level 2. HP: 3/15 MP: 1/6
   663 | D:1      | Reached XP level 3. HP: 19/19 MP: 5/7
  1504 | D:2      | Reached skill level 5 in Air Magic
  1504 | D:2      | Reached XP level 4. HP: 24/24 MP: 4/9
  1512 | D:2      | Learned a level 2 spell: Swiftness
  1516 | D:2      | Learned a level 3 spell: Static Discharge
  1995 | D:2      | Found a faded altar of an unknown god.
  2150 | D:2      | Found an opulent altar of Gozag.
  2219 | D:2      | Found a white marble altar of Elyvilon.
  2220 | D:2      | Found a glowing silver altar of Zin.
  2222 | D:2      | Found a glowing golden altar of the Shining One.
  2327 | D:2      | Noticed Natasha
  2333 | D:2      | Killed Natasha
  2333 | D:2      | Gained mutation: You can fly continuously. [Tengu growth]
  2333 | D:2      | Reached XP level 5. HP: 19/28 MP: 3/10
  2659 | D:2      | Noticed Natasha
  2665 | D:2      | Killed Natasha
  2882 | D:2      | Found a faded altar of an unknown god.
  3105 | D:2      | Found an opulent altar of Gozag.
  3116 | D:2      | Found a white marble altar of Elyvilon.
  3117 | D:2      | Found a glowing silver altar of Zin.
  3118 | D:2      | Found a glowing golden altar of the Shining One.
  3285 | D:2      | Noticed Natasha
  3290 | D:2      | Killed Natasha
  3342 | D:2      | Learned a level 4 spell: Airstrike
  3366 | D:2      | HP: 1/28 [orc wizard/puff of flame (10)]
  3367 | D:2      | Killed from afar by an orc wizard

Illustrated notes

Levels and vault maps discovered:
D:1:      grunt_arrival_crossed_arrows, layout_loops_ring
D:2:      layout_basic, good_gods_temple_1,
          nicolae_gozag_cash_rules_everything_around_me, first_ration,
          chequers_ecumenical_altar_twisty, uniq_natasha
D:3:      minmay_razor_zed, layout_basic, uniq_grinder

Skill      XL: |  1  2  3  4  5 |
---------------+----------------+-----
Conjurations   | 2 3 4 |  4.0
Air Magic      | 5 |  5.7
Spellcasting   | 3 |  3.3
Dodging        | |  2.1
Stealth        | |  2.0

Action                   |  1- 3 |  4- 6 || total
-------------------------+-------+-------++-------
Melee: Unarmed           |     6 |       ||     6
       Kick              |     3 |     1 ||     4
       Dagger            |     4 |     4 ||     8
       Peck              |     2 |       ||     2
 Cast: Shock             |    70 |    36 ||   106
       Static Discharge  |       |     5 ||     5
 Abil: Fly               |       |     1 ||     1
  Use: Potion            |       |     1 ||     1
 Stab: Sleeping          |     1 |       ||     1
  Eat: Chunk             |     2 |     6 ||     8
Armor: Robe              |     1 |     1 ||     2
Dodge: Dodged            |     5 |     8 ||    13
